Avalanche vs Stars

Created - March-02-14 at 09:59

Goals
1 2 3 T
Avalanche 2 1 1 4
Stars 1 2 0 3
Shots
1 2 3 T
Avalanche 8 4 11 23
Stars 3 10 9 22

1st period

1. Stars , Daniel Alfredsson 23 (Brandon Dubinsky) at 5:57
2. Avalanche , Patrik Elias 22 (Marian Hossa, Derek Stepan) at 6:19
3. Avalanche , Patrik Elias 23 (Marian Hossa, Derek Stepan) at 15:07 (PP)

Penalties :
Jarome Iginla (DAL) for Holding (Minor) at 0:29, Brandon Dubinsky (DAL) for Goalie Interference (Minor) at 14:37

2nd period

4. Stars , Shea Weber 12 (Alex Galchenyuk) at 2:22
5. Avalanche , Marian Hossa 28 (Derek Stepan, Michael Del Zotto) at 7:47
6. Stars , Jarome Iginla 15 (Luke Schenn) at 7:59

Penalties :
Michael Del Zotto (COL) for Interference (Minor) at 11:25, Jarome Iginla (DAL) for Hooking (Minor) at 14:15

3rd period

7. Avalanche , Cody Hodgson 15 (Kevin Klein, Brian Gionta) at 1:47

Penalties :
Jordan Staal (COL) for Tripping (Minor) at 1:58, Johan Franzen (COL) for Hooking (Minor) at 12:52, Roman Polak (DAL) for Tripping (Minor) at 15:42

Goalie Stats

Antti Niemi (COL), 19 saves from 22 shots - (0.864), W, 22-11-3, 60:00 minutes
Semyon Varlamov (DAL), 19 saves from 23 shots - (0.826), L, 17-15-4, 59:05 minutes

Players Stats for Avalanche

Player Name              G  A  P  +/- PIM S  H  SB GA TA FO     MP     PP MP  PK MP  
------------------------------------------------------------------------------------
Brian Gionta             0  1  1   0  0   0  0  0  0  0  1/2    15:19   0:00   2:40 
Cody Hodgson             1  0  1   0  0   1  0  0  0  0  8/16   15:25   2:04   0:42 
Derek Stepan             0  3  3   2  0   4  0  0  0  0  6/20   19:31   4:23   0:00 
Johan Franzen            0  0  0  -2  2   1  2  0  0  0  0/2    16:27   3:27   0:00 
John Carlson             0  0  0   0  0   0  0  3  0  0  0/0    21:53   3:44   2:46 
Jordan Staal             0  0  0  -2  2   3  1  0  0  0  8/17   14:58   0:00   1:58 
Justin Faulk             0  0  0   0  0   2  2  0  0  0  0/0    22:50   2:43   2:46 
Kevin Klein              0  1  1   0  0   0  2  3  0  0  0/0    19:20   0:00   3:11 
Kevin Porter             0  0  0   0  0   0  1  0  0  0  3/11   10:05   0:00   3:17 
Kevin Shattenkirk        0  0  0   0  0   2  2  2  0  0  0/0    21:43   2:43   0:00 
Lauri Korpikoski         0  0  0   0  0   0  2  0  0  0  1/1    10:05   0:00   3:17 
Marcus Johansson         0  0  0   0  0   1  0  1  0  0  0/0    12:39   0:00   0:00 
Marian Hossa             1  2  3   2  0   4  0  0  0  0  0/0    18:08   3:00   0:00 
Michael Del Zotto        0  1  1   0  2   0  2  1  0  0  0/0    17:49   3:44   0:00 
Patrik Elias             2  0  2   2  0   3  3  0  0  0  1/1    18:08   3:00   0:00 
Radim Vrbata             0  0  0  -2  0   2  0  0  0  0  3/4    16:28   3:27   0:00 
Rob Scuderi              0  0  0   0  0   0  0  2  0  0  0/0    16:24   0:00   3:11 
Scottie Upshall          0  0  0   0  0   0  0  0  0  0  0/1     6:48   0:00   0:00 

Players Stats for Stars

Player Name              G  A  P  +/- PIM S  H  SB GA TA FO     MP     PP MP  PK MP  
------------------------------------------------------------------------------------
Alex Galchenyuk          0  1  1   0  0   1  0  0  0  0  2/3    13:26   3:08   0:00 
Andrew Ference           0  0  0  -1  0   1  0  1  0  0  0/0    17:57   2:57   0:00 
Brandon Dubinsky         0  1  1   0  2   2  3  0  0  0  15/19  16:44   3:08   0:00 
Daniel Alfredsson        1  0  1   0  0   1  0  0  0  0  0/2    18:03   0:00   4:37 
Jarome Iginla            1  0  1   0  4   3  1  0  0  0  1/3    18:54   3:08   0:00 
Jay Bouwmeester          0  0  0  -1  0   1  0  0  0  0  0/0    22:16   3:00   2:59 
Luke Schenn              0  1  1  -1  0   0  2  0  0  0  0/0    22:26   2:57   3:28 
Marc-Edouard Vlasic      0  0  0   2  0   3  0  2  0  0  0/0    19:47   0:00   3:28 
Marcel Goc               0  0  0   0  0   1  3  0  0  0  10/20  12:36   0:00   4:27 
Marian Gaborik           0  0  0   0  0   3  0  0  0  0  0/0    18:21   2:49   0:00 
Nik Antropov             0  0  0   0  0   0  1  0  0  0  4/8    12:03   0:00   1:50 
Paul Stastny             0  0  0   0  0   0  1  0  0  0  12/20  20:37   2:49   2:00 
Peter Mueller            0  0  0   0  0   0  0  0  0  0  0/0     8:09   0:00   0:00 
Roman Polak              0  0  0  -1  2   0  2  2  0  0  0/0    14:59   0:00   0:00 
Shea Weber               1  0  1   2  0   3  1  0  0  0  0/0    22:34   3:00   2:59 
Travis Moen              0  0  0   0  0   0  1  0  0  0  0/0     8:09   0:00   0:00 
Tyler Seguin             0  0  0   0  0   1  0  0  0  0  0/0    13:26   0:00   0:00 
Wayne Simmonds           0  0  0   0  0   2  2  0  0  0  0/0    13:02   2:49   0:00 

3 Stars

1 - Patrik Elias (COL)
2 - Marian Hossa (COL)
3 - Derek Stepan (COL)

Power Play

Avalanche - 1 on 4 Attempt(s) - 25.00%
Stars - 0 on 3 Attempt(s) - 0.00%

Penalty Kill

Avalanche - 3 on 3 Attempt(s) - 100.00% - Score 0 goal in Penalty Kill
Stars - 3 on 4 Attempt(s) - 75.00% - Score 0 goal in Penalty Kill

Official

Referees : Ian Walsh and Dan O'Rourke
Linesman : Brian Mach and Brian Murphy

Game Notes

No Game Note

Finance

Level 1 -- Attendance: 5308 (88.47%) -- Ticket Income $583,880
Level 2 -- Attendance: 4422 (88.44%) -- Ticket Income $331,650
Level 3 -- Attendance: 2000 (100.00%) -- Ticket Income $112,000
Level 4 -- Attendance: 2332 (51.46%) -- Ticket Income $93,280
Luxury Box -- Attendance: 918 (91.80%) -- Ticket Income $182,682
Game was played at the American Airlines Center
Total Attendance: 14980 (80.83%)
Total Ticket Income: $1,303,492
Other Income: $195,524
Total Income: $1,499,016


% Time on Ice - Avalanche

Lines # - Real PCT - Wanted PCT - Time Play
Normal Forward
1 - 31% - 32% - 14:36
2 - 28% - 30% - 13:01
3 - 27% - 28% - 12:39
4 - 14% - 10% - 6:48
Normal Defense
1 - 36% - 35% - 17:00
2 - 30% - 30% - 14:06
3 - 28% - 25% - 13:13
4 - 6% - 10% - 2:45
PP Forward
1 - 47% - 53% - 3:00
2 - 53% - 47% - 3:27
PP Defense
1 - 58% - 50% - 3:44
2 - 42% - 50% - 2:43
PK Forward
1 - 45% - 50% - 2:40
2 - 55% - 50% - 3:17
PK Defense
1 - 54% - 50% - 3:11
2 - 46% - 50% - 2:46
PK3 Forward
1 - 0% - 50%
2 - 0% - 50%
PK3 Defense
1 - 0% - 50%
2 - 0% - 50%
44 Forward
1 - 0% - 50%
2 - 0% - 50%
44 Defense
1 - 0% - 50%
2 - 0% - 50%
Last Minute Offensive  - 0:00
Last Minute Defensive  - 0:32
Total
Forward - 60:00
Defense - 60:00

% Time on Ice - Stars

Lines # - Real PCT - Wanted PCT - Time Play
Normal Forward
1 - 33% - 35% - 15:32
2 - 28% - 30% - 13:26
3 - 22% - 23% - 10:13
4 - 17% - 12% - 8:09
Normal Defense
1 - 34% - 35% - 16:19
2 - 34% - 35% - 16:01
3 - 32% - 30% - 15:00
4 - 0% - 0% - 0:00
PP Forward
1 - 53% - 55% - 3:08
2 - 47% - 45% - 2:49
PP Defense
1 - 50% - 65% - 3:00
2 - 50% - 35% - 2:57
PK Forward
1 - 72% - 60% - 4:37
2 - 28% - 40% - 1:50
PK Defense
1 - 54% - 60% - 3:28
2 - 46% - 40% - 2:59
PK3 Forward
1 - 0% - 60%
2 - 0% - 40%
PK3 Defense
1 - 0% - 60%
2 - 0% - 40%
44 Forward
1 - 0% - 60%
2 - 0% - 40%
44 Defense
1 - 0% - 60%
2 - 0% - 40%
Last Minute Offensive  - 0:16
Last Minute Defensive  - 0:00
Total
Forward - 60:00
Defense - 60:00

Play by Play

1st period


0:01 of 1st period - Jarome Iginla wins face-off versus Derek Stepan in neutral zone.
0:29 of 1st period - Minor Penalty to Jarome Iginla for Holding.
0:30 of 1st period - Marcel Goc wins face-off versus Derek Stepan in Stars zone.
1:36 of 1st period - Icing by Patrik Elias.
1:37 of 1st period - Cody Hodgson wins face-off versus Daniel Alfredsson in Avalanche zone.
2:08 of 1st period - Shot by Justin Faulk.
2:08 of 1st period - Shot Misses the Net.
2:10 of 1st period - Shot by Kevin Shattenkirk.
2:10 of 1st period - Shot Misses the Net.
4:12 of 1st period - Icing by Shea Weber.
4:13 of 1st period - Brandon Dubinsky wins face-off versus Jordan Staal in Stars zone.
4:31 of 1st period - Shot by Marc-Edouard Vlasic.
4:31 of 1st period - Stopped by Antti Niemi without a rebound.
4:32 of 1st period - Marcel Goc wins face-off versus Cody Hodgson in Avalanche zone.
5:01 of 1st period - Icing by Justin Faulk.
5:02 of 1st period - Cody Hodgson wins face-off versus Brandon Dubinsky in Avalanche zone.
5:02 of 1st period - Cody Hodgson is hit by Brandon Dubinsky.
5:12 of 1st period - Shot by Kevin Shattenkirk.
5:12 of 1st period - Shot Misses the Net.
5:15 of 1st period - Icing by Marc-Edouard Vlasic.
5:16 of 1st period - Brandon Dubinsky wins face-off versus Jordan Staal in Stars zone.
5:57 of 1st period - Shot by Daniel Alfredsson.
5:57 of 1st period - Goal by Daniel Alfredsson - Avalanche : 0 - Stars : 1.
5:58 of 1st period - Paul Stastny wins face-off versus Derek Stepan in neutral zone.
5:58 of 1st period - Jarome Iginla is hit by Patrik Elias and loses puck.
6:19 of 1st period - Shot by Patrik Elias.
6:19 of 1st period - Goal by Patrik Elias - Avalanche : 1 - Stars : 1.
6:20 of 1st period - Nik Antropov wins face-off versus Cody Hodgson in neutral zone.
8:22 of 1st period - Shot by Derek Stepan.
8:22 of 1st period - Stopped by Semyon Varlamov without a rebound.
8:23 of 1st period - Jordan Staal wins face-off versus Marcel Goc in Stars zone.
8:50 of 1st period - Marcel Goc is hit by Justin Faulk.
9:06 of 1st period - Shot by Johan Franzen.
9:06 of 1st period - Stopped by Semyon Varlamov without a rebound.
9:07 of 1st period - Kevin Porter wins face-off versus Brandon Dubinsky in Stars zone.
10:11 of 1st period - Off-side.
10:12 of 1st period - Radim Vrbata wins face-off versus Jarome Iginla in neutral zone.
10:53 of 1st period - Shot by Radim Vrbata.
10:53 of 1st period - Stopped by Semyon Varlamov with a rebound.
11:31 of 1st period - Shot by Nik Antropov.
11:31 of 1st period - Shot Misses the Net.
12:06 of 1st period - Shot by Derek Stepan.
12:06 of 1st period - Stopped by Semyon Varlamov without a rebound.
12:07 of 1st period - Cody Hodgson wins face-off versus Brandon Dubinsky in Stars zone.
13:08 of 1st period - Shot by Marian Hossa.
13:08 of 1st period - Stopped by Semyon Varlamov with a rebound.
13:40 of 1st period - Shot by Derek Stepan.
13:40 of 1st period - Shot Misses the Net.
13:42 of 1st period - Shot by Patrik Elias.
13:42 of 1st period - Deflect By Derek Stepan.
13:42 of 1st period - Shot Misses the Net.
13:59 of 1st period - Kevin Shattenkirk is hit by Luke Schenn and loses puck.
14:27 of 1st period - Icing by Kevin Shattenkirk.
14:28 of 1st period - Brandon Dubinsky wins face-off versus Kevin Porter in Avalanche zone.
14:32 of 1st period - Icing by Justin Faulk.
14:33 of 1st period - Kevin Porter wins face-off versus Brandon Dubinsky in Avalanche zone.
14:33 of 1st period - Kevin Shattenkirk is hit by Brandon Dubinsky and loses puck.
14:37 of 1st period - Minor Penalty to Brandon Dubinsky for Goalie Interference.
14:38 of 1st period - Derek Stepan wins face-off versus Marcel Goc in Stars zone.
14:41 of 1st period - Shot by John Carlson.
14:41 of 1st period - Shot Misses the Net.
14:55 of 1st period - Shot by Patrik Elias.
14:55 of 1st period - Shot Misses the Net.
14:57 of 1st period - Shot by John Carlson.
14:57 of 1st period - Shot Misses the Net.
15:01 of 1st period - Shot by Derek Stepan.
15:01 of 1st period - Shot Hit the Post.
15:03 of 1st period - Shot by Derek Stepan.
15:03 of 1st period - Stopped by Semyon Varlamov with a rebound.
15:05 of 1st period - Shot by Marian Hossa.
15:05 of 1st period - Shot Misses the Net.
15:07 of 1st period - Shot by Patrik Elias.
15:07 of 1st period - Goal by Patrik Elias - Avalanche : 2 - Stars : 1.
15:08 of 1st period - Brian Gionta wins face-off versus Alex Galchenyuk in neutral zone.
15:15 of 1st period - Off-side.
15:16 of 1st period - Radim Vrbata wins face-off versus Nik Antropov in neutral zone.
15:24 of 1st period - Icing by Alex Galchenyuk.
15:25 of 1st period - Patrik Elias wins face-off versus Nik Antropov in Stars zone.
15:48 of 1st period - Kevin Klein is hit by Nik Antropov and loses puck.
16:33 of 1st period - Marian Hossa is hit by Brandon Dubinsky and loses puck.
16:50 of 1st period - Icing by Marian Hossa.
16:51 of 1st period - Paul Stastny wins face-off versus Derek Stepan in Avalanche zone.
16:58 of 1st period - Shot by Jarome Iginla.
16:58 of 1st period - Deflect By Marian Gaborik.
16:58 of 1st period - Shot Misses the Net.
17:00 of 1st period - Shot by Marian Gaborik.
17:00 of 1st period - Stopped by Antti Niemi without a rebound.
17:01 of 1st period - Brandon Dubinsky wins face-off versus Jordan Staal in Avalanche zone.
17:37 of 1st period - Icing by Marc-Edouard Vlasic.
17:38 of 1st period - Brandon Dubinsky wins face-off versus Brian Gionta in Stars zone.
18:04 of 1st period - Off-side.
18:05 of 1st period - Kevin Porter wins face-off versus Paul Stastny in neutral zone.
18:11 of 1st period - Scottie Upshall is hit by Luke Schenn and loses puck.
19:03 of 1st period - Kevin Klein is hit by Roman Polak and loses puck.
19:49 of 1st period - Icing by Roman Polak.
19:50 of 1st period - Jordan Staal wins face-off versus Marcel Goc in Stars zone.
19:50 of 1st period - Johan Franzen is hit by Roman Polak and loses puck.
Goals for this period are 2 for Avalanche vs 1 for Stars.
Shots for this period are 8 for Avalanche vs 3 for Stars.

2nd period


0:01 of 2nd period - Jordan Staal wins face-off versus Paul Stastny in neutral zone.
0:28 of 2nd period - Icing by Radim Vrbata.
0:29 of 2nd period - Brandon Dubinsky wins face-off versus Jordan Staal in Avalanche zone.
0:42 of 2nd period - Brandon Dubinsky is hit by Kevin Shattenkirk.
1:03 of 2nd period - Shot by Shea Weber.
1:03 of 2nd period - Stopped by Antti Niemi without a rebound.
1:04 of 2nd period - Paul Stastny wins face-off versus Derek Stepan in Avalanche zone.
2:22 of 2nd period - Shot by Shea Weber.
2:22 of 2nd period - Goal by Shea Weber - Avalanche : 2 - Stars : 2.
2:23 of 2nd period - Brandon Dubinsky wins face-off versus Jordan Staal in neutral zone.
2:27 of 2nd period - Shot by Tyler Seguin.
2:27 of 2nd period - Stopped by Antti Niemi without a rebound.
2:28 of 2nd period - Brandon Dubinsky wins face-off versus Jordan Staal in Avalanche zone.
3:49 of 2nd period - Shot by Wayne Simmonds.
3:49 of 2nd period - Stopped by Antti Niemi with a rebound.
4:27 of 2nd period - Shot by Jarome Iginla.
4:27 of 2nd period - Stopped by Antti Niemi without a rebound.
4:28 of 2nd period - Marcel Goc wins face-off versus Cody Hodgson in Avalanche zone.
4:33 of 2nd period - Shot by Travis Moen.
4:33 of 2nd period - Shot Misses the Net.
5:21 of 2nd period - Radim Vrbata is hit by Travis Moen and loses puck.
6:07 of 2nd period - Shot by Brandon Dubinsky.
6:07 of 2nd period - Shot Blocked by Kevin Shattenkirk.
6:11 of 2nd period - Shot by Tyler Seguin.
6:11 of 2nd period - Deflect By Brandon Dubinsky.
6:11 of 2nd period - Stopped by Antti Niemi without a rebound.
6:12 of 2nd period - Paul Stastny wins face-off versus Derek Stepan in Avalanche zone.
6:25 of 2nd period - Shot by Marian Gaborik.
6:25 of 2nd period - Deflect By Jarome Iginla.
6:25 of 2nd period - Shot Blocked by John Carlson.
6:27 of 2nd period - Shot by Andrew Ference.
6:27 of 2nd period - Shot Misses the Net.
6:29 of 2nd period - Shot by Andrew Ference.
6:29 of 2nd period - Stopped by Antti Niemi without a rebound.
6:30 of 2nd period - Cody Hodgson wins face-off versus Nik Antropov in Avalanche zone.
6:38 of 2nd period - Alex Galchenyuk is hit by Kevin Klein and loses puck.
7:47 of 2nd period - Shot by Marian Hossa.
7:47 of 2nd period - Goal by Marian Hossa - Avalanche : 3 - Stars : 2.
7:48 of 2nd period - Jordan Staal wins face-off versus Jarome Iginla in neutral zone.
7:59 of 2nd period - Shot by Jarome Iginla.
7:59 of 2nd period - Goal by Jarome Iginla - Avalanche : 3 - Stars : 3.
8:00 of 2nd period - Brandon Dubinsky wins face-off versus Scottie Upshall in neutral zone.
8:05 of 2nd period - Shot by Daniel Alfredsson.
8:05 of 2nd period - Shot Misses the Net.
8:12 of 2nd period - Off-side.
8:13 of 2nd period - Paul Stastny wins face-off versus Derek Stepan in neutral zone.
8:36 of 2nd period - Shot by Derek Stepan.
8:36 of 2nd period - Shot Misses the Net.
8:52 of 2nd period - Shot by Patrik Elias.
8:52 of 2nd period - Shot Misses the Net.
9:07 of 2nd period - Paul Stastny is hit by Patrik Elias and loses puck.
10:18 of 2nd period - Marc-Edouard Vlasic is hit by Johan Franzen and loses puck.
10:30 of 2nd period - Icing by Tyler Seguin.
10:31 of 2nd period - Brandon Dubinsky wins face-off versus Kevin Porter in Stars zone.
10:31 of 2nd period - Brandon Dubinsky is hit by Lauri Korpikoski.
10:56 of 2nd period - Shot by Wayne Simmonds.
10:56 of 2nd period - Shot Blocked by Kevin Klein.
10:58 of 2nd period - Shot by Nik Antropov.
10:58 of 2nd period - Shot Misses the Net.
11:00 of 2nd period - Shot by Wayne Simmonds.
11:00 of 2nd period - Stopped by Antti Niemi without a rebound.
11:01 of 2nd period - Marcel Goc wins face-off versus Derek Stepan in Avalanche zone.
11:14 of 2nd period - Shot by Patrik Elias.
11:14 of 2nd period - Stopped by Semyon Varlamov with a rebound.
11:21 of 2nd period - Peter Mueller is hit by Patrik Elias and loses puck.
11:25 of 2nd period - Minor Penalty to Michael Del Zotto for Interference.
11:26 of 2nd period - Paul Stastny wins face-off versus Jordan Staal in Avalanche zone.
11:29 of 2nd period - Shot by Jay Bouwmeester.
11:29 of 2nd period - Stopped by Antti Niemi without a rebound.
11:30 of 2nd period - Paul Stastny wins face-off versus Kevin Porter in Avalanche zone.
11:43 of 2nd period - Paul Stastny is hit by Lauri Korpikoski and loses puck.
12:04 of 2nd period - Shea Weber is hit by Kevin Klein and loses puck.
12:10 of 2nd period - Off-side.
12:11 of 2nd period - Alex Galchenyuk wins face-off versus Kevin Porter in neutral zone.
13:42 of 2nd period - Shot by Marcel Goc.
13:42 of 2nd period - Shot Misses the Net.
14:15 of 2nd period - Minor Penalty to Jarome Iginla for Hooking.
14:16 of 2nd period - Marcel Goc wins face-off versus Derek Stepan in Stars zone.
14:16 of 2nd period - Marcel Goc is hit by Johan Franzen.
14:36 of 2nd period - Icing by John Carlson.
14:37 of 2nd period - Derek Stepan wins face-off versus Marcel Goc in Avalanche zone.
15:16 of 2nd period - Shot by Marian Hossa.
15:16 of 2nd period - Stopped by Semyon Varlamov without a rebound.
15:17 of 2nd period - Cody Hodgson wins face-off versus Paul Stastny in Stars zone.
15:25 of 2nd period - Shot by Kevin Shattenkirk.
15:25 of 2nd period - Stopped by Semyon Varlamov without a rebound.
15:26 of 2nd period - Derek Stepan wins face-off versus Marcel Goc in Stars zone.
16:21 of 2nd period - Icing by Andrew Ference.
16:22 of 2nd period - Brandon Dubinsky wins face-off versus Cody Hodgson in Stars zone.
16:42 of 2nd period - Shot by Marcus Johansson.
16:42 of 2nd period - Shot Blocked by Andrew Ference.
16:52 of 2nd period - Shot by Brandon Dubinsky.
16:52 of 2nd period - Shot Misses the Net.
16:54 of 2nd period - Shot by Brandon Dubinsky.
16:54 of 2nd period - Shot Blocked by Marcus Johansson.
18:33 of 2nd period - Icing by Justin Faulk.
18:34 of 2nd period - Jordan Staal wins face-off versus Marcel Goc in Avalanche zone.
18:34 of 2nd period - Jordan Staal is hit by Marcel Goc.
19:01 of 2nd period - Peter Mueller is hit by Kevin Shattenkirk and loses puck.
Goals for this period are 1 for Avalanche vs 2 for Stars.
Shots for this period are 4 for Avalanche vs 10 for Stars.

3rd period


0:01 of 3rd period - Jordan Staal wins face-off versus Paul Stastny in neutral zone.
0:14 of 3rd period - Shot by Radim Vrbata.
0:14 of 3rd period - Shot Misses the Net.
0:19 of 3rd period - Shea Weber is hit by Justin Faulk and loses puck.
0:46 of 3rd period - Shot by Marian Gaborik.
0:46 of 3rd period - Stopped by Antti Niemi without a rebound.
0:47 of 3rd period - Brandon Dubinsky wins face-off versus Derek Stepan in Avalanche zone.
0:56 of 3rd period - Shot by Marian Hossa.
0:56 of 3rd period - Shot Misses the Net.
0:58 of 3rd period - Shot by Marian Hossa.
0:58 of 3rd period - Stopped by Semyon Varlamov with a rebound.
1:00 of 3rd period - Shot by Derek Stepan.
1:00 of 3rd period - Shot Misses the Net.
1:39 of 3rd period - Icing by Jay Bouwmeester.
1:40 of 3rd period - Cody Hodgson wins face-off versus Daniel Alfredsson in Stars zone.
1:47 of 3rd period - Shot by Cody Hodgson.
1:47 of 3rd period - Goal by Cody Hodgson - Avalanche : 4 - Stars : 3.
1:48 of 3rd period - Jordan Staal wins face-off versus Paul Stastny in neutral zone.
1:58 of 3rd period - Minor Penalty to Jordan Staal for Tripping.
1:59 of 3rd period - Paul Stastny wins face-off versus Kevin Porter in Avalanche zone.
2:50 of 3rd period - Shot by Jarome Iginla.
2:50 of 3rd period - Shot Misses the Net.
2:52 of 3rd period - Shot by Brandon Dubinsky.
2:52 of 3rd period - Stopped by Antti Niemi without a rebound.
2:53 of 3rd period - Alex Galchenyuk wins face-off versus Kevin Porter in Avalanche zone.
2:56 of 3rd period - Shot by Alex Galchenyuk.
2:56 of 3rd period - Shot Blocked by Rob Scuderi.
4:02 of 3rd period - Shot by Paul Stastny.
4:02 of 3rd period - Shot Blocked by Kevin Shattenkirk.
5:11 of 3rd period - Icing by Marcus Johansson.
5:12 of 3rd period - Paul Stastny wins face-off versus Cody Hodgson in Avalanche zone.
5:12 of 3rd period - Paul Stastny is hit by Michael Del Zotto.
5:18 of 3rd period - Shot by Paul Stastny.
5:18 of 3rd period - Shot Misses the Net.
5:39 of 3rd period - Icing by John Carlson.
5:40 of 3rd period - Cody Hodgson wins face-off versus Nik Antropov in Avalanche zone.
5:40 of 3rd period - John Carlson is hit by Wayne Simmonds and loses puck.
5:47 of 3rd period - Shot by Shea Weber.
5:47 of 3rd period - Shot Blocked by Michael Del Zotto.
5:49 of 3rd period - Shot by Marc-Edouard Vlasic.
5:49 of 3rd period - Stopped by Antti Niemi with a rebound.
5:57 of 3rd period - Shot by Alex Galchenyuk.
5:57 of 3rd period - Stopped by Antti Niemi with a rebound.
5:59 of 3rd period - Shot by Marc-Edouard Vlasic.
5:59 of 3rd period - Stopped by Antti Niemi without a rebound.
6:00 of 3rd period - Derek Stepan wins face-off versus Paul Stastny in Avalanche zone.
6:05 of 3rd period - Patrik Elias is hit by Paul Stastny and loses puck.
6:16 of 3rd period - Shot by Derek Stepan.
6:16 of 3rd period - Shot Misses the Net.
6:30 of 3rd period - Shot by Derek Stepan.
6:30 of 3rd period - Shot Misses the Net.
6:32 of 3rd period - Shot by Justin Faulk.
6:32 of 3rd period - Stopped by Semyon Varlamov with a rebound.
7:35 of 3rd period - Shea Weber is hit by Jordan Staal and loses puck.
7:43 of 3rd period - Icing by Marc-Edouard Vlasic.
7:44 of 3rd period - Nik Antropov wins face-off versus Cody Hodgson in Stars zone.
8:11 of 3rd period - Shot by Marcus Johansson.
8:11 of 3rd period - Stopped by Semyon Varlamov without a rebound.
8:12 of 3rd period - Lauri Korpikoski wins face-off versus Paul Stastny in Stars zone.
8:21 of 3rd period - Scottie Upshall is hit by Jarome Iginla and loses puck.
8:44 of 3rd period - Shot by Marian Gaborik.
8:44 of 3rd period - Stopped by Antti Niemi without a rebound.
8:45 of 3rd period - Brandon Dubinsky wins face-off versus Jordan Staal in Avalanche zone.
9:01 of 3rd period - Icing by Kevin Shattenkirk.
9:02 of 3rd period - Radim Vrbata wins face-off versus Marcel Goc in Avalanche zone.
9:02 of 3rd period - Jordan Staal is hit by Marcel Goc and loses puck.
10:02 of 3rd period - Icing by Roman Polak.
10:03 of 3rd period - Paul Stastny wins face-off versus Cody Hodgson in Stars zone.
11:34 of 3rd period - Shot by Brandon Dubinsky.
11:34 of 3rd period - Shot Blocked by John Carlson.
11:49 of 3rd period - Brandon Dubinsky is hit by Michael Del Zotto.
12:10 of 3rd period - Icing by Marc-Edouard Vlasic.
12:11 of 3rd period - Nik Antropov wins face-off versus Radim Vrbata in Stars zone.
12:16 of 3rd period - Kevin Shattenkirk is hit by Wayne Simmonds and loses puck.
12:29 of 3rd period - Shot by Jordan Staal.
12:29 of 3rd period - Stopped by Semyon Varlamov without a rebound.
12:30 of 3rd period - Marcel Goc wins face-off versus Cody Hodgson in Stars zone.
12:32 of 3rd period - Icing by Shea Weber.
12:33 of 3rd period - Jordan Staal wins face-off versus Marcel Goc in Stars zone.
12:35 of 3rd period - Radim Vrbata is hit by Shea Weber.
12:41 of 3rd period - Shot by Jordan Staal.
12:41 of 3rd period - Stopped by Semyon Varlamov with a rebound.
12:43 of 3rd period - Shot by Jordan Staal.
12:43 of 3rd period - Stopped by Semyon Varlamov with a rebound.
12:52 of 3rd period - Minor Penalty to Johan Franzen for Hooking.
12:53 of 3rd period - Brandon Dubinsky wins face-off versus Kevin Porter in Avalanche zone.
12:54 of 3rd period - Shot by Shea Weber.
12:54 of 3rd period - Shot Blocked by Kevin Klein.
12:56 of 3rd period - Shot by Shea Weber.
12:56 of 3rd period - Shot Misses the Net.
12:58 of 3rd period - Shot by Alex Galchenyuk.
12:58 of 3rd period - Shot Blocked by Kevin Klein.
13:00 of 3rd period - Shot by Shea Weber.
13:00 of 3rd period - Stopped by Antti Niemi with a rebound.
13:04 of 3rd period - Shot by Jarome Iginla.
13:04 of 3rd period - Shot Misses the Net.
13:06 of 3rd period - Shot by Jarome Iginla.
13:06 of 3rd period - Stopped by Antti Niemi without a rebound.
13:07 of 3rd period - Paul Stastny wins face-off versus Jordan Staal in Avalanche zone.
13:12 of 3rd period - Shot by Marian Gaborik.
13:12 of 3rd period - Shot Misses the Net.
13:14 of 3rd period - Shot by Andrew Ference.
13:14 of 3rd period - Shot Misses the Net.
13:16 of 3rd period - Shot by Paul Stastny.
13:16 of 3rd period - Shot Blocked by John Carlson.
13:40 of 3rd period - Shot by Luke Schenn.
13:40 of 3rd period - Shot Misses the Net.
13:44 of 3rd period - Shot by Marian Gaborik.
13:44 of 3rd period - Shot Misses the Net.
13:46 of 3rd period - Shot by Paul Stastny.
13:46 of 3rd period - Shot Misses the Net.
13:48 of 3rd period - Shot by Andrew Ference.
13:48 of 3rd period - Shot Misses the Net.
14:37 of 3rd period - Shot by Jay Bouwmeester.
14:37 of 3rd period - Shot Blocked by Rob Scuderi.
15:00 of 3rd period - Shot by Marcel Goc.
15:00 of 3rd period - Stopped by Antti Niemi without a rebound.
15:01 of 3rd period - Marcel Goc wins face-off versus Derek Stepan in Avalanche zone.
15:11 of 3rd period - Icing by Michael Del Zotto.
15:12 of 3rd period - Derek Stepan wins face-off versus Marcel Goc in Avalanche zone.
15:12 of 3rd period - Michael Del Zotto is hit by Marcel Goc and loses puck.
15:29 of 3rd period - Shot by Patrik Elias.
15:29 of 3rd period - Shot Blocked by Roman Polak.
15:31 of 3rd period - Shot by Michael Del Zotto.
15:31 of 3rd period - Shot Blocked by Roman Polak.
15:42 of 3rd period - Minor Penalty to Roman Polak for Tripping.
15:43 of 3rd period - Marcel Goc wins face-off versus Johan Franzen in Stars zone.
15:49 of 3rd period - Icing by Johan Franzen.
15:50 of 3rd period - Marcel Goc wins face-off versus Johan Franzen in Avalanche zone.
16:21 of 3rd period - Shot by Derek Stepan.
16:21 of 3rd period - Stopped by Semyon Varlamov without a rebound.
16:22 of 3rd period - Derek Stepan wins face-off versus Marcel Goc in Stars zone.
16:32 of 3rd period - Off-side.
16:33 of 3rd period - Marcel Goc wins face-off versus Derek Stepan in neutral zone.
16:46 of 3rd period - Shot by Patrik Elias.
16:46 of 3rd period - Shot Misses the Net.
16:54 of 3rd period - Shot by Derek Stepan.
16:54 of 3rd period - Shot Blocked by Marc-Edouard Vlasic.
16:56 of 3rd period - Shot by Marian Hossa.
16:56 of 3rd period - Deflect By Derek Stepan.
16:56 of 3rd period - Shot Misses the Net.
17:04 of 3rd period - Shot by Patrik Elias.
17:04 of 3rd period - Shot Blocked by Marc-Edouard Vlasic.
17:20 of 3rd period - Shot by Kevin Shattenkirk.
17:20 of 3rd period - Stopped by Semyon Varlamov with a rebound.
17:22 of 3rd period - Shot by Radim Vrbata.
17:22 of 3rd period - Stopped by Semyon Varlamov without a rebound.
17:23 of 3rd period - Cody Hodgson wins face-off versus Paul Stastny in Stars zone.
17:24 of 3rd period - Shot by Justin Faulk.
17:24 of 3rd period - Stopped by Semyon Varlamov with a rebound.
17:59 of 3rd period - Icing by Kevin Klein.
18:00 of 3rd period - Nik Antropov wins face-off versus Kevin Porter in Avalanche zone.
18:21 of 3rd period - Luke Schenn is hit by Kevin Porter and loses puck.
19:00 of 3rd period - Stars, Semyon Varlamov is pulled from the net.
19:27 of 3rd period - Icing by Roman Polak.
19:28 of 3rd period - Semyon Varlamov from Stars was sent back in the game.
19:28 of 3rd period - Brandon Dubinsky wins face-off versus Derek Stepan in Stars zone.
19:33 of 3rd period - Stars, Semyon Varlamov is pulled from the net.
19:48 of 3rd period - Off-side.
19:49 of 3rd period - Paul Stastny wins face-off versus Derek Stepan in neutral zone.
19:59 of 3rd period - Shot by Derek Stepan.
19:59 of 3rd period - Shot Misses the Net.
Goals for this period are 1 for Avalanche vs 0 for Stars.
Shots for this period are 11 for Avalanche vs 9 for Stars.


Output by the SimonT Hockey Simulator (STHS) for Stephane Roy -- Original Page W3C XHTML 1.0 Valid
Hockey Simulator - Hockey Simulation - Hockey Manager